 Dungeon Sprint DCSS version 0.31-a0-1616-gbeaec30b81 (webtiles) character file.

Game seed: 15424320540881437429

2181 zazu2006 the Spear-Bearer (level 9, -7/76 HPs)
             Began as a Gnoll Wanderer on Jan 10, 2024.
             Was a High Priest of Vehumet.
             Shot with a bolt by an orc knight (10 damage)
             ... in the Dungeon (Sprint VII: "The Pits").
             The game lasted 00:07:23 (1301 turns).

zazu2006 the Spear-Bearer (Gnoll Wanderer)          Turns: 1301, Time: 00:07:23

Health: -7/76      AC: 16    Str: 14    XL:     9   Next: 33%
Magic:  20/20      EV: 15    Int: 12    God:    Vehumet [*****.]
Gold:   0          SH:  0    Dex: 16    Spells: 22/23 levels left

rFire   . . .        t - +13 scythe of Curses {drain, curses, ^Drain}
rCold   . . .        (shield currently unavailable)
rNeg    . . .        u - +5 ring mail
rPois   .            (no helmet)
rElec   .            (no cloak)
rCorr   .            (no gloves)
SInv    .            q - +0 pair of boots
Will    .....        (no amulet)
Stlth   +++          s - +3 ring of strength
HPRegen 0.32/turn    e - +3 ring of protection
MPRegen 0.17/turn

%: no teleportation
@: no status effects
A: fangs 1, strong nose, distributed training
a: Renounce Religion


You were in the Dungeon.
You worshipped Vehumet.
Vehumet was extremely pleased with you.
You visited 1 branch

Inventory:

Hand Weapons
 l - a +2 trident
 r - a +3 heavy trident
 t - the +13 scythe of Curses (weapon) {drain, curses, ^Drain}
   (You found it in the Dungeon)

   ^Drain:    It drains your maximum health when unequipped.
Missiles
 a - 6 poisoned darts (quivered)
Armour
 c - a +0 pair of boots
 q - a +0 pair of boots (worn)
 u - a +5 ring mail (worn)
Jewellery
 e - a +3 ring of protection (right hand)
 s - a +3 ring of strength (left hand)
Scrolls
 b - a scroll of silence
 k - a scroll of blinking
 n - 2 scrolls of vulnerability
 o - 5 scrolls of amnesia
 p - a scroll of summoning
Potions
 d - a potion of mutation
 f - 11 potions of curing
 g - 7 potions of heal wounds
 h - 2 potions of haste
 i - 4 potions of magic
 j - 2 potions of berserk rage
 m - 2 potions of invisibility


   Skills:
 + Level 9.1 Fighting
 + Level 7.8 Short Blades
 + Level 7.8 Long Blades
 + Level 7.8 Axes
 + Level 7.8 Maces & Flails
 + Level 12.9 Polearms
 + Level 7.8 Staves
 + Level 7.8 Ranged Weapons
 + Level 7.8 Throwing
 + Level 8.3 Armour
 + Level 9.1 Dodging
 + Level 7.8 Stealth
 + Level 7.8 Shields
 + Level 7.8 Unarmed Combat
 + Level 7.8 Spellcasting
 + Level 6.5 Conjurations
 + Level 6.5 Hexes
 + Level 6.5 Summonings
 + Level 6.5 Necromancy
 + Level 6.5 Translocations
 + Level 6.5 Fire Magic
 + Level 6.5 Ice Magic
 + Level 6.5 Air Magic
 + Level 6.5 Earth Magic
 + Level 6.5 Alchemy
 + Level 8.6 Invocations
 + Level 7.8 Evocations
 + Level 7.1 Shapeshifting


You had 22 spell levels left.
You knew the following spells:

 Your Spells              Type           Power      Damage    Failure   Level
a - Foxfire               Conj/Fire      80%        2x1d8     1%          1

Your spell library contained the following spells:

 Spells                   Type           Power      Damage    Failure   Level
 Ignite Poison            Fire/Alch      20%        N/A       5%          4


Dungeon Overview and Level Annotations

Branches:
Dungeon (1/1)

Altars:
Ashenzari
Cheibriados
Dithmenos
Elyvilon
Fedhas
Gozag
Hepliaklqana
Kikubaaqudgha
Makhleb
Nemelex Xobeh
Okawaru
Qazlal
Ru
Sif Muna
Trog
Uskayaw
Vehumet
Wu Jian
Xom
Yredelemnul
Zin
The Shining One
Jiyva
Lugonu


Innate Abilities, Weirdness & Mutations

You have very sharp teeth.
Your uncanny sense of smell can sniff out nearby items.
Your experience applies equally to all skills.


Message History

HP restored.
You open the large door.
An orc knight, an orc priest and 3 orc warriors come into view.
An orc warrior is wielding a +2 hand axe of flaming.
The orc knight shouts!
The orc warrior shouts!
The orc knight unwields a +0 war axe.
The orc knight wields a +0 arbalest.
The orc knight shoots a bolt.
The bolt barely misses you.
The orc warrior shouts! x2
The orc knight roars a battlecry!
The orc warrior goes into a battle-frenzy!
The orc knight shoots a bolt.
The bolt hits you!
There is a huge open gate to the Metal Vault (Medium), spattered with blood here.
There is a huge open gate to the Metal Vault (Medium), spattered with blood here.
The orc knight shoots a bolt.
The bolt closely misses you.
The orc knight shoots a bolt.
The bolt closely misses you.
The orc warrior attacks as it pursues you!
The orc warrior hits you with a +0 battleaxe!!
The orc knight shoots a bolt.
The bolt barely misses you.
The orc warrior attacks as it pursues you!
The orc warrior misses you.
The orc warrior attacks as it pursues you!
The orc warrior closely misses you.
There is an open door to the Storerooms (Easy), spattered with blood here.
You barely miss the orc warrior.
The orc warrior no longer looks unusually strong.
The orc warrior hits you but does no damage.
You slash the orc warrior! You drain the orc warrior.
The orc warrior convulses!
The orc warrior is almost dead.
The orc warrior hits you with a +0 battleaxe!
You puncture the orc warrior!
You kill the orc warrior!
Vehumet accepts your kill.
The orc knight shoots a bolt.
The bolt hits you!!
* * * LOW HITPOINT WARNING * * *
The orc knight shoots a bolt.
The bolt hits you!
* * * LOW HITPOINT WARNING * * *
You hear a shout!
The orc knight shoots a bolt.
The bolt hits you!
You die...

∆∆∆∆∆∆∆ ############
#_________.# #_________.#
#_______...###########++###
##########'##..............
#..(.')))'.##......#..#....
##########@##..............
#.[.........)..............
#)#####'#####...o..#..#....
#.#..#.....##..............
#.#))#####'#####'#####''###
#.#.)#.....##.......##''###
#.#))#.)...##.......##o....
#.#[.###'####.......##.....
#.##'#....†##...<...##.....


You could see an orc knight.

Vanquished Creatures
  A shadow wraith (D)
  A cyclops (D)
  An unseen horror (D)
  A glass eye (D)
  A warg (D)
  A black bear (D)
  An orc warrior (D)
  A laughing skull (D)
  2 crocodiles (D)
  A kobold brigand (D)
  A bullfrog (D)
  A jelly (D)
  A mummy (D)
  2 gnolls (D)
  An adder (D)
  3 ufetubi (D)
  A bat (D)
  A bat skeleton (D)
  A giant cockroach (D)
  A goblin (D)
  A kobold (D)
  A quokka (D)
  A quokka skeleton (D)
27 creatures vanquished.

Vanquished Creatures (others)
  33 foxfires (D)
33 creatures vanquished.

Grand Total: 60 creatures vanquished

Notes
Turn   | Place    | Note
-------+----------+-------------------------------------------
     0 | D        | Reached skill level 10 in Polearms
     0 | D        | zazu2006 the Gnoll Wanderer began the quest for the Orb.
     0 | D        | zazu2006 set off with the following items: a +2 spear, a
                  | scroll of silence, a +0 pair of boots, a potion of
                  | mutation, a +0 robe, a potion of curing, a potion of heal
                  | wounds, a potion of haste, 2 potions of magic, a potion of
                  | berserk rage, a scroll of blinking.
     0 | D        | Reached XP level 1. HP: 20/20 MP: 1/1
    51 | D        | Found a bloodstained altar of Trog.
    51 | D        | Found a shimmering blue altar of Sif Muna.
    51 | D        | Found a viscous altar of Jiyva.
    51 | D        | Found a hazy altar of Hepliaklqana.
    51 | D        | Found an opulent altar of Gozag.
    52 | D        | Found a glowing golden altar of the Shining One.
    52 | D        | Found a glowing silver altar of Zin.
    52 | D        | Found a basalt altar of Yredelemnul.
    52 | D        | Found a shimmering altar of Xom.
    52 | D        | Found an ornate altar of the Wu Jian Council.
    52 | D        | Found a sacrificial altar of Ru.
    52 | D        | Found a stormy altar of Qazlal.
    52 | D        | Found an iron altar of Okawaru.
    52 | D        | Found a sparkling altar of Nemelex Xobeh.
    52 | D        | Found a burning altar of Makhleb.
    52 | D        | Found a blossoming altar of Fedhas.
    52 | D        | Found a white marble altar of Elyvilon.
    52 | D        | Found a shadowy altar of Dithmenos.
    52 | D        | Found a snail-covered altar of Cheibriados.
    55 | D        | Found a corrupted altar of Lugonu.
    55 | D        | Found a radiant altar of Vehumet.
    56 | D        | Found an ancient bone altar of Kikubaaqudgha.
    56 | D        | Found a hide-covered altar of Uskayaw.
    56 | D        | Found a broken altar of Ashenzari.
    64 | D        | Became a worshipper of Vehumet
    81 | D        | Noticed a glass eye
    84 | D        | Reached skill level 1 in Short Blades
    84 | D        | Reached skill level 1 in Long Blades
    84 | D        | Reached skill level 1 in Axes
    84 | D        | Reached skill level 1 in Maces & Flails
    84 | D        | Reached skill level 1 in Staves
    84 | D        | Reached skill level 1 in Ranged Weapons
    84 | D        | Reached skill level 1 in Throwing
    84 | D        | Reached skill level 1 in Stealth
    84 | D        | Reached skill level 1 in Shields
    84 | D        | Reached skill level 1 in Unarmed Combat
    84 | D        | Reached skill level 1 in Spellcasting
    84 | D        | Reached skill level 1 in Invocations
    84 | D        | Reached skill level 1 in Evocations
    84 | D        | Reached skill level 1 in Shapeshifting
    84 | D        | Reached XP level 2. HP: 15/26 MP: 1/3
   103 | D        | Killed a glass eye
   104 | D        | Reached skill level 11 in Polearms
   104 | D        | Reached XP level 3. HP: 24/34 MP: 2/8
   104 | D        | Reached XP level 4. HP: 29/40 MP: 2/9
   104 | D        | Reached XP level 5. HP: 33/46 MP: 2/10
   158 | D        | Reached * piety under Vehumet
   158 | D        | Offered knowledge of Kiss of Death by Vehumet.
   187 | D        | Reached ** piety under Vehumet
   278 | D        | Reached skill level 5 in Armour
   350 | D        | Noticed a kobold brigand
   351 | D        | Noticed a black bear
   378 | D        | Killed a kobold brigand
   378 | D        | Offered knowledge of Foxfire by Vehumet.
   379 | D        | Reached skill level 5 in Invocations
   379 | D        | Reached XP level 6. HP: 46/53 MP: 12/12
   381 | D        | Learned a level 1 spell: Foxfire
   398 | D        | Noticed a warg
   408 | D        | Offered knowledge of Stone Arrow by Vehumet.
   408 | D        | Reached *** piety under Vehumet
   418 | D        | Killed a black bear
   419 | D        | Reached skill level 5 in Short Blades
   419 | D        | Reached skill level 5 in Long Blades
   419 | D        | Reached skill level 5 in Axes
   419 | D        | Reached skill level 5 in Maces & Flails
   419 | D        | Reached skill level 5 in Staves
   419 | D        | Reached skill level 5 in Ranged Weapons
   419 | D        | Reached skill level 5 in Throwing
   419 | D        | Reached skill level 5 in Stealth
   419 | D        | Reached skill level 5 in Shields
   419 | D        | Reached skill level 5 in Unarmed Combat
   419 | D        | Reached skill level 5 in Spellcasting
   419 | D        | Reached skill level 5 in Evocations
   429 | D        | Killed a warg
   430 | D        | Reached skill level 5 in Shapeshifting
   430 | D        | Reached XP level 7. HP: 12/60 MP: 13/15
   611 | D        | Offered knowledge of Brom's Barrelling Boulder by Vehumet.
   611 | D        | Reached **** piety under Vehumet
   665 | D        | Killed an unseen horror
   666 | D        | Reached skill level 12 in Polearms
   666 | D        | Reached skill level 5 in Conjurations
   666 | D        | Reached skill level 5 in Hexes
   666 | D        | Reached skill level 5 in Summonings
   666 | D        | Reached skill level 5 in Necromancy
   666 | D        | Reached skill level 5 in Translocations
   666 | D        | Reached skill level 5 in Fire Magic
   666 | D        | Reached skill level 5 in Ice Magic
   666 | D        | Reached skill level 5 in Air Magic
   666 | D        | Reached skill level 5 in Earth Magic
   666 | D        | Reached skill level 5 in Alchemy
   666 | D        | Reached XP level 8. HP: 9/68 MP: 12/17
   863 | D        | Noticed a cyclops
   867 | D        | Offered knowledge of Airstrike by Vehumet.
   879 | D        | Killed a cyclops
   880 | D        | Reached ***** piety under Vehumet
   953 | D        | Found the +13 scythe of Curses {drain, curses, ^Drain}
  1099 | D        | Offered knowledge of Ignite Poison by Vehumet.
  1126 | D        | Killed a shadow wraith
  1127 | D        | Reached XP level 9. HP: 20/76 MP: 17/20
  1277 | D        | Noticed an orc knight
  1300 | D        | HP: 3/76 [orc knight/bolt (14)]
  1301 | D        | Shot with a bolt by an orc knight

Illustrated notes

Levels and vault maps discovered:
D:        pitsprint [storerooms_1, entrance_room_1, metal_vault_4, armoury_3,
          mini_pit_1, grid_room_1, main_hall_1, silver_pit, the_coven_3,
          the_vestibule_1, steel_vault_5, golden_pit, hallway_of_sentries,
          crystal_vault_4, iron_vault_4, final_vault]

Skill      XL: |  1  2  3  4  5  6  7  8 |
---------------+-------------------------+-----
Polearms       | 11 12 | 12.9
Short Blades   | 1 3 4 5 6 7 |  7.8
Long Blades    | 1 3 4 5 6 7 |  7.8
Axes           | 1 3 4 5 6 7 |  7.8
Maces & Flails | 1 3 4 5 6 7 |  7.8
Staves         | 1 3 4 5 6 7 |  7.8
Ranged Weapons | 1 3 4 5 6 7 |  7.8
Throwing       | 1 3 4 5 6 7 |  7.8
Stealth        | 1 3 4 5 6 7 |  7.8
Shields        | 1 3 4 5 6 7 |  7.8
Unarmed Combat | 1 3 4 5 6 7 |  7.8
Spellcasting   | 1 3 4 5 6 7 |  7.8
Invocations    | 1 4 5 6 8 |  8.6
Evocations     | 1 3 4 5 6 7 |  7.8
Shapeshifting  | 1 3 4 5 7 |  7.1
Fighting       | 6 7 9 |  9.1
Armour         | 4 5 6 8 |  8.3
Dodging        | 6 7 9 |  9.1
Conjurations   | 3 4 5 6 |  6.5
Hexes          | 3 4 5 6 |  6.5
Summonings     | 3 4 5 6 |  6.5
Necromancy     | 3 4 5 6 |  6.5
Translocations | 3 4 5 6 |  6.5
Fire Magic     | 3 4 5 6 |  6.5
Ice Magic      | 3 4 5 6 |  6.5
Air Magic      | 3 4 5 6 |  6.5
Earth Magic    | 3 4 5 6 |  6.5
Alchemy        | 3 4 5 6 |  6.5

Action                     |  1- 3 |  4- 6 |  7- 9 || total
---------------------------+-------+-------+-------++-------
  Melee: Spear             |     4 |       |       ||     4
         Trident           |    23 |    49 |    57 ||   129
         Bite              |     1 |     5 |     2 ||     8
         Punch             |       |     2 |     1 ||     3
         Scythe            |       |       |    11 ||    11
  Throw: Dart              |       |     5 |       ||     5
   Cast: Foxfire           |       |     5 |    19 ||    24
    Use: Potion            |       |       |     5 ||     5
   Stab: Sleeping          |       |     3 |     1 ||     4
 Armour: Robe              |     4 |    18 |       ||    22
         Ring mail         |       |    19 |    70 ||    89
  Dodge: Dodged            |     3 |    33 |    30 ||    66

Table legend: (Time is in decaauts)
 A = Elapsed time spent in this place.
 B = Non-inter-level travel time spent in this place.
 C = Inter-level travel time spent in this place.
 D = Time resting spent in this place.
 E = Time spent auto-exploring this place.
 F = Levels seen in this place.
 G = Mean time per level.
                   A        B        C        D        E       F      G
               +--------+--------+--------+--------+--------+-----+--------+
         Total |   1305 |   1300 |      5 |    363 |    341 |   1 | 1305.0 |
       Dungeon |   1305 |   1300 |      5 |    363 |    341 |   1 | 1305.0 |
               +--------+--------+--------+--------+--------+-----+--------+

Top non-repeatable levels by time:
       D: 1305 daAuts
